 Dungeon Crawl Stone Soup version 0.18-a0-1800-gdc7a371 (webtiles) character file.

454 Minkie the Magician (level 6, -1/32 HPs)
             Began as a Deep Elf Wizard on Apr 24, 2016.
             Was an Initiate of Vehumet.
             Slain by a water moccasin (5 damage)
             ... on level 5 of the Dungeon.
             The game lasted 00:22:22 (5189 turns).

Minkie the Magician (Deep Elf Wizard)               Turns: 5189, Time: 00:22:23

Health: -1/32      AC:  2    Str:  6    XL:     6   Next: 76%
Magic:  7/18       EV: 12    Int: 23    God:    Vehumet [......]
Gold:   255        SH:  0    Dex: 13    Spells: 4 memorised, 10 levels left

rFire  . . .     SeeInvis .     e - +0 dagger
rCold  . . .     Gourm    .     a - +0 robe
rNeg   . . .     Faith    .     (no shield)
rPois  .         Spirit   .     b - +0 hat
rElec  .         Dismiss  .     (no cloak)
rCorr  .         Reflect  .     (no gloves)
SustAt .         Harm     .     (no boots)
MR     .....                    (no amulet)
Stlth  ++........               (no ring)
                                (no ring)

@: lethally poisoned (-1 -> -10), not resistant to hostile enchantments,
unstealthy
A: no striking features
a: Renounce Religion


You were on level 5 of the Dungeon.
You worshipped Vehumet.
Vehumet was noncommittal.
You were not hungry.

You visited 1 branch of the dungeon, and saw 5 of its levels.

You collected 255 gold pieces.

Inventory:

Hand Weapons
 e - a +0 dagger (weapon)
Missiles
 f - 109 stones (quivered)
Armour
 a - a +0 robe (worn)
 b - a +0 hat (worn)
Wands
 w - a wand of flame (26/48)
 A - a wand of flame (13/48)
Scrolls
 h - a scroll of fear {unknown}
 i - a scroll of enchant weapon {unknown}
 k - 4 scrolls of remove curse {unknown}
 l - a scroll of immolation {unknown}
 o - a scroll of identify {unknown}
 t - a scroll of recharging {unknown}
 u - 2 scrolls of blinking {unknown}
 v - a scroll of magic mapping {unknown}
 C - a scroll of random uselessness {unknown}
 E - a scroll of enchant armour {unknown}
Potions
 g - 3 potions of might {unknown}
 j - a potion of haste {unknown}
 m - a potion of beneficial mutation {unknown}
 p - a potion of degeneration {unknown}
 q - a potion of agility {unknown}
 r - a potion of cancellation {unknown}
 s - 2 potions of mutation {unknown}
 x - 2 potions of curing
 z - a potion of invisibility {unknown}
 F - a potion of cure mutation {unknown}
 G - a potion of heal wounds {unknown}
Books
 c - a book of Minor Magic

   Spells                             Type                      Level
   a - Magic Dart                     Conjuration                  1
   b - Blink                          Translocation                2
   c - Call Imp                       Summoning                    2
   d - Repel Missiles                 Charms/Air                   2
   e - Slow                           Hexes                        2
   f - Conjure Flame                  Conjuration/Fire             3
   g - Mephitic Cloud                 Conjuration/Poison/Air       3
 y - a book of Party Tricks

   Spells                             Type                      Level
   a - Summon Butterflies             Summoning                    1
   b - Apportation                    Translocation                1
   c - Tukima's Dance                 Hexes                        3
   d - Alistair's Intoxication        Transmutation/Poison         5
   e - Invisibility                   Hexes                        6
Comestibles
 d - 6 bread rations
 n - a meat ration
 B - a royal jelly
 D - 2 chunks of flesh


   Skills:
 - Level 2.4 Dodging
 - Level 2.4 Stealth
 * Level 7.2 Spellcasting
 + Level 3.7 Conjurations
   Level 1.1 Summonings
 - Level 2.0 Translocations
 + Level 2.3 Fire Magic
 + Level 2.0 Air Magic
 + Level 2.0 Poison Magic


You had 10 spell levels left.
You knew the following spells:

 Your Spells              Type           Power        Failure   Level  Hunger
a - Magic Dart            Conj           ####         1%          1    None
b - Mephitic Cloud        Conj/Pois/Air  ###.....     10%         3    None
c - Blink                 Tloc           N/A          6%          2    None
d - Conjure Flame         Conj/Fire      ###.....     10%         3    None


Dungeon Overview and Level Annotations

Branches:
Dungeon (5/15)             Temple (0/1) D:5

Altars:
Ashenzari
Cheibriados
Dithmenos
Gozag
Nemelex Xobeh
Qazlal
Ru
Vehumet
Xom
Yredelemnul
The Shining One

Annotations:
D:3 tijit's ghost, amateur DEFE


Message History

Confirm with . or Enter, or press ? or * to list all spells.
Aiming: Magic Dart
Press: ? - help, Shift-Dir - straight line, f/p - water moccasin
Aim: a water moccasin (severely wounded)
The magic dart hits the water moccasin.
The water moccasin is severely wounded.
You feel sick. The water moccasin bites you!
* * * LOW HITPOINT WARNING * * *
Casting: Magic Dart
Confirm with . or Enter, or press ? or * to list all spells.
Aiming: Magic Dart
Press: ? - help, Shift-Dir - straight line, f/p - water moccasin
Aim: a water moccasin (severely wounded)
The magic dart hits the water moccasin.
The water moccasin is severely wounded.
* * * LOW HITPOINT WARNING * * *
You feel sick.
The water moccasin bites you but does no damage.
The water moccasin bites you.
You die...

...>.≈≈≈≈≈≈.
≈≈...≈≈≈≈≈≈.
≈≈≈≈≈≈≈≈≈≈≈.
≈≈≈≈≈≈≈≈≈≈..
≈≈≈≈≈≈≈≈....
.≈≈≈≈≈......
............
###...#...###########
#...# .......@Sg.#
...a ###...##
.#########.####....
.......# #...........
.......# #....g......
.......# #...........
.......# #...........
######## #...........
############
#####'####....
.....#.....# #.....#
....


You could see a water moccasin and a hobgoblin.

Vanquished Creatures
  A phantom (D:4)
  A scorpion (D:4)
  A howler monkey (D:5)
  A centaur skeleton (D:4)
  2 orc priests (D:4)
  Jessica (D:3)
  Terence (D:3)
  A worker ant (D:2)
  3 adders
  2 oozes (D:2)
  4 worms
  A dart slug (D:2)
  2 giant geckos (D:2)
  3 orcs (D:4)
  2 giant cockroaches (D:2)
  4 goblins (D:1)
  8 hobgoblins
  6 jackals
  A quokka (D:2)
  3 ball pythons (D:1)
  7 bats
  5 giant newts
  8 kobolds
  7 rats
75 creatures vanquished.

Notes
Turn   | Place    | Note
--------------------------------------------------------------
     0 | D:1      | Minkie the Deep Elf Wizard began the quest for the Orb.
     0 | D:1      | Reached XP level 1. HP: 10/10 MP: 7/7
   247 | D:1      | Reached skill level 5 in Spellcasting
   255 | D:1      | Reached XP level 2. HP: 15/15 MP: 0/10
  1071 | D:2      | Reached XP level 3. HP: 19/19 MP: 8/12
  1393 | D:2      | Found an opulent altar of Gozag.
  1574 | D:2      | Learned a level 3 spell: Mephitic Cloud
  1577 | D:2      | Learned a level 2 spell: Blink
  1581 | D:2      | Learned a level 3 spell: Conjure Flame
  1593 | D:2      | Found a radiant altar of Vehumet.
  1622 | D:2      | Became a worshipper of Vehumet
  2112 | D:2      | Found a sparkling altar of Nemelex Xobeh.
  2113 | D:2      | Found a glowing golden altar of the Shining One.
  2118 | D:2      | Found a shadowy altar of Dithmenos.
  2170 | D:3      | Noticed tijit's ghost (amateur DEFE)
  2228 | D:3      | Reached XP level 4. HP: 24/24 MP: 13/13
  2241 | D:3      | Noticed Jessica
  2651 | D:3      | Killed Jessica
  2651 | D:3      | Reached skill level 6 in Spellcasting
  2692 | D:2      | Reached skill level 1 in Fire Magic
  2935 | D:3      | Noticed Terence
  2945 | D:3      | Killed Terence
  2945 | D:3      | Reached skill level 1 in Air Magic
  2945 | D:3      | Reached XP level 5. HP: 28/28 MP: 3/15
  3695 | D:4      | Found a basalt altar of Yredelemnul.
  3695 | D:4      | Found a sacrificial altar of Ru.
  3695 | D:4      | Found a snail-covered altar of Cheibriados.
  3695 | D:4      | Found a shimmering altar of Xom.
  3705 | D:4      | Reached skill level 1 in Poison Magic
  3752 | D:4      | Found a shattered altar of Ashenzari.
  3752 | D:4      | Found a stormy altar of Qazlal.
  3984 | D:4      | Noticed a phantom
  4051 | D:4      | Killed a phantom
  4051 | D:4      | Reached XP level 6. HP: 13/32 MP: 0/17
  4616 | D:4      | Reached skill level 7 in Spellcasting
  5071 | D:5      | Entered Level 5 of the Dungeon
  5077 | D:5      | Found a staircase to the Ecumenical Temple.
  5175 | D:5      | Noticed a water moccasin
  5189 | D:5      | Slain by a water moccasin

Vault maps used:
D:1:      lightli_arrival_chessboard
D:2:      grunt_gozag_statues, minitemple, lemuel_tele_altar
D:3:      uniq_jessica, uniq_terence
D:4:      minmay_overflow_temple_hex, first_bread
D:5:      kennysheep_steamy, temple_pool_a

Skill      XL: |  1  2  3  4  5  6 |
---------------+-------------------+-----
Spellcasting   | 5 6 7 |  7.2
Conjurations   | 2 3 |  3.7
Fire Magic     | 1 2 |  2.3
Translocations | 2 |  2.0
Air Magic      | 1 2 |  2.0
Poison Magic   | 1 2 |  2.0
Dodging        | |  2.4
Stealth        | |  2.4
Summonings     | |  1.1

Action                   |  1- 3 |  4- 6 || total
-------------------------+-------+-------++-------
Melee: Dagger            |     6 |    20 ||    26
 Cast: Magic Dart        |   134 |   131 ||   265
       Mephitic Cloud    |       |     5 ||     5
       Blink             |       |     1 ||     1
       Conjure Flame     |       |     5 ||     5
 Stab: Sleeping          |     2 |       ||     2
       Confused          |       |     1 ||     1
  Eat: Chunk             |     4 |       ||     4
       Meat ration       |       |     2 ||     2
Armor: Robe              |     2 |     4 ||     6
Dodge: Dodged            |     6 |    27 ||    33
